 Dungeon Crawl Stone Soup version 0.20-a0-2-g2b0e13a (webtiles) character file.

41 Kaname the Stinger (level 3, -2/36 HPs)
             Began as a Demonspawn Venom Mage on Oct 27, 2016.
             Slain by Sigmund
             ... wielding a +0 scythe
              (5 damage)
             ... on level 2 of the Dungeon.
             The game lasted 00:03:49 (1579 turns).

Kaname the Stinger (Demonspawn Venom Mage)          Turns: 1579, Time: 00:03:49

Health: -2/36      AC: 21    Str:  8    XL:     3   Next: 32%
Magic:  5/6        EV:  2    Int: 17    God:
Gold:   125        SH:  0    Dex: 13    Spells: 2 memorised, 2 levels left

rFire  + . .     SeeInvis .     f - +0 dagger
rCold  + . .     Gourm    .     (armour currently unavailable)
rNeg   + + +     Faith    .     (no shield)
rPois  +         Spirit   .     (helmet currently unavailable)
rElec  +         Reflect  .     (cloak currently unavailable)
rCorr  +         Harm     .     (gloves currently unavailable)
MR     .....     NoTele   +     (boots currently unavailable)
Stlth  ++........               (no amulet)
                                (no ring)
                                (no ring)

@: tree-form, resistant
A: (talons 0)
a: no special abilities


You were on level 2 of the Dungeon.
You were not hungry.
You were a tree.
You visited 1 branch of the dungeon, and saw 2 of its levels.

You collected 125 gold pieces.

Inventory:

Hand Weapons
 f - a +0 dagger (weapon)
Armour
 a - a +0 robe
 e - a +0 cloak (melded)
 g - a +0 leather armour (melded)
Scrolls
 h - 2 scrolls of enchant armour {unknown}
 i - a scroll of fear {unknown}
 k - a scroll of immolation {unknown}
Books
 b - a Young Poisoner's Handbook

   Spells                             Type                      Level
   a - Sting                          Conjuration/Poison           1
   b - Mephitic Cloud                 Conjuration/Poison/Air       3
   c - Olgreb's Toxic Radiance        Poison                       4
   d - Alistair's Intoxication        Transmutation/Poison         5
   e - Venom Bolt                     Conjuration/Poison           5
Comestibles
 c - 3 bread rations
 l - 4 chunks of flesh


   Skills:
 - Level 1.7 Dodging
 - Level 1.7 Stealth
 - Level 2.0 Spellcasting
 + Level 3.0 Conjurations
 - Level 4.0 Poison Magic


You had 2 spell levels left.
You knew the following spells:

 Your Spells              Type           Power        Failure   Level  Hunger
a - Sting                 Conj/Pois      ##..         4%          1    #......
b - Mephitic Cloud        Conj/Pois/Air  #.......     24%         3    ###....


Dungeon Overview and Level Annotations

Branches:
Dungeon (2/15)

Altars:

Annotations:
D:2 Sigmund


Innate Abilities, Weirdness & Mutations

((You have sharp toenails.))


Message History

Sigmund screams, "I am the angel of ZOT!!!"
Sigmund zaps a wand.
You resist with significant effort.
It was a potion of resistance.
You feel protected.
Sigmund zaps a wand.
You hit Sigmund but do no damage.
Sigmund is almost dead.
Your transformation has ended.
Your +0 dagger unmelds from your body.
Your +0 cloak unmelds from your body.
Your +0 leather armour unmelds from your body.
Sigmund zaps a wand.
You resist with significant effort.
You turn into a tree.
Your +0 cloak melds into your body.
Your +0 leather armour melds into your body.
Your roots penetrate the ground.
Sigmund hits you but does no damage.
You hit Sigmund.
Sigmund is almost dead.
You closely miss Sigmund.
Sigmund is almost dead.
Sigmund hits you with a scythe.
You die...

#.# ######.#########
......(........#
...............#
...............#
...............#
..÷÷...........########
...............##....)#
................♣.[...#
..............(##@....#
######.........##.....#
.........##########.###
.........# #..#
.........# ...#
.........# #..@....
.........# ......#
.........# .....#


You could see Sigmund.

Vanquished Creatures
  2 adders (D:2)
  A leopard gecko (D:2)
  A giant cockroach (D:1)
  3 goblins
  2 hobgoblins (D:1)
  6 kobolds
  3 bats
  A frilled lizard (D:1)
  3 rats
22 creatures vanquished.

Notes
Turn   | Place    | Note
-------+----------+-------------------------------------------
     0 | D:1      | Kaname the Demonspawn Venom Mage began the quest for the Orb.
     0 | D:1      | Reached XP level 1. HP: 13/13 MP: 3/3
   135 | D:1      | Reached skill level 1 in Conjurations
   509 | D:1      | Gained mutation: You have sharp toenails. [demonic ancestry]
   509 | D:1      | Reached XP level 2. HP: 16/19 MP: 1/5
  1141 | D:2      | Noticed Sigmund
  1412 | D:2      | Reached XP level 3. HP: 24/24 MP: 4/6
  1417 | D:2      | Learned a level 3 spell: Mephitic Cloud
  1570 | D:2      | HP: 1/24 [Sigmund/puff of flame (11)]
  1579 | D:2      | Slain by Sigmund

Vault maps used:
D:1:      lemuel_arrival_room
D:2:      kennysheep_six_static_rooms, uniq_sigmund

Skill      XL: |  1  2  3 |
---------------+----------+-----
Conjurations   | 1 2 3 |  3.0
Dodging        | |  1.7
Stealth        | |  1.7
Spellcasting   | |  2.0
Poison Magic   | |  4.0

Action                   || total
-------------------------++-------
Melee: Dagger            ||    44
       Kick              ||     5
       Unarmed           ||    19
 Cast: Sting             ||    38
  Use: Potion            ||     4
  Eat: Chunk             ||     3
Armor: Leather armour    ||     7
       Robe              ||     2
Dodge: Dodged            ||    38
